 Dungeon Crawl Stone Soup version 0.19-a0-473-g3ac10ee (webtiles) character file.

145 AnaChi the Ruffian (level 5, -4/46 HPs)
             Began as a Ghoul Monk on June 4, 2016.
             Was a Priest of Ru.
             Slain by a gnoll
             ... wielding a +0 spear
              (10 damage)
             ... on level 4 of the Dungeon.
             The game lasted 00:11:01 (2547 turns).

AnaChi the Ruffian (Ghoul Monk)                     Turns: 2547, Time: 00:11:02

Health: -4/46      AC:  2    Str: 16    XL:     5   Next: 27%
Magic:  4/4        EV: 13    Int:  5    God:    Ru [***...]
Gold:   145        SH:  0    Dex: 11    Spells: 0 memorised, 4 levels left

rFire  . . .     SeeInvis .       - Unarmed
rCold  + . .     Gourm    .     a - +0 robe
rNeg   + + +     Faith    .     (no shield)
rPois  ∞         Spirit   .     (no helmet)
rElec  .         Dismiss  .     (no cloak)
rCorr  .         Reflect  .     (no gloves)
SustAt .         Harm     .     (no boots)
MR     .....                    (no amulet)
Stlth  ++........               (no ring)
                                (no ring)

@: exhausted, rotting, drained, not resistant to hostile enchantments,
unstealthy
A: rotting body, claws 1, carnivore 3, cold resistance 1, negative energy
resistance 3, slow regeneration 1, torment resistance, unbreathing, inability to
use devices
a: Draw Out Power, Renounce Religion


You were on level 4 of the Dungeon.
You worshipped Ru.
Ru was most pleased with you.
You were not hungry.

You visited 1 branch of the dungeon, and saw 4 of its levels.

You collected 145 gold pieces.

Inventory:

Armour
 a - a +0 robe (worn)
Scrolls
 e - a scroll of teleportation {unknown}
 g - 5 scrolls of identify
Potions
 c - 3 potions of curing
 h - 5 potions of flight
 i - 2 potions of lignification {unknown}
 j - a potion of cancellation {unknown}
Comestibles
 b - 4 meat rations
 d - 2 beef jerkies


   Skills:
 + Level 4.1(3.8) Fighting
 + Level 3.4(3.1) Dodging
 + Level 3.3(2.9) Stealth
 + Level 5.4(5.1) Unarmed Combat


You had 4 spell levels left.
You didn't know any spells.

Dungeon Overview and Level Annotations

Branches:
Dungeon (4/15)
 Temple: D:4-7

Altars:
Hepliaklqana
Ru
Xom


Innate Abilities, Weirdness & Mutations

Your body is rotting away.
You thrive on raw meat.
You are immune to poison.
You have sharp fingernails.
You are carnivorous and can eat meat at any time.
Your flesh is cold resistant. (rC+)
You are immune to negative energy. (rN+++)
You regenerate slowly when monsters are visible.
You are immune to unholy pain and torment.
You can survive without breathing.
You cannot study or use magical devices.


Message History

The gnoll seems to speed up.
The gnoll hits you from afar with a halberd!
The gnoll hits you from afar with a halberd of venom!
* * * LOW HITPOINT WARNING * * *
You redirect the gnoll shaman's attack!
You are restored by drawing out deep reserves of power within.
You feel drained.
The gnoll shouts!
The gnoll hits you from afar with a spear.
The gnoll hits you from afar with a halberd!
The gnoll barely misses you.
The gnoll hits you from afar with a spear!
* * * LOW HITPOINT WARNING * * *
The gnoll shaman begins to pray, but is stunned by your will!
It was a potion of heal wounds.
You feel much better.
The gnoll hits you from afar with a spear.
The gnoll hits you from afar with a halberd!
* * * LOW HITPOINT WARNING * * *
The gnoll hits you from afar with a spear!
You die...

.. ##..#........ #h..
#..## #............ ##...
#..###............ .....#
#..##...#.........
......##.......##........
.......#........#........
)..................#.....
.....gg.............#....
.....gg.@............#...
......g................#.
...###..####......###....
# #...# #......# ###..
##..###.....## ###
##..##.....# #
#..#.....## ##........#
##...#.....# #


You could see a gnoll shaman, Natasha (wandering) and 4 gnolls.

Vanquished Creatures
  An orc priest (D:3)
  A worker ant (D:3)
  A worm (D:4)
  2 dart slugs
  4 giant geckos
  11 orcs
  4 bats
  A giant cockroach (D:1)
  8 goblins
  8 hobgoblins
  4 giant newts
  7 kobolds
  8 rats
60 creatures vanquished.

Vanquished Creatures (others)
  An adder (D:2)
  A rat (D:2)
2 creatures vanquished.

Grand Total: 62 creatures vanquished

Notes
Turn   | Place    | Note
--------------------------------------------------------------
     0 | D:1      | AnaChi the Ghoul Monk began the quest for the Orb.
     0 | D:1      | Reached XP level 1. HP: 19/19 MP: 0/0
   142 | D:1      | Reached XP level 2. HP: 26/26 MP: 1/1
   778 | D:2      | Reached XP level 3. HP: 32/32 MP: 2/2
   910 | D:2      | Found a sacrificial altar of Ru.
   937 | D:2      | Became a worshipper of Ru the Awakened
   945 | D:2      | Gained mutation: You cannot study or use magical devices. [Ru sacrifice]
   945 | D:2      | Reached * piety under Ru
   945 | D:2      | Reached ** piety under Ru
   945 | D:2      | Reached *** piety under Ru
  1027 | D:2      | Reached skill level 5 in Unarmed Combat
  1714 | D:3      | Reached XP level 4. HP: 30/40 MP: 3/3
  2003 | D:3      | Found a shimmering altar of Xom.
  2005 | D:3      | Found a hazy altar of Hepliaklqana.
  2005 | D:3      | Noticed a death ooze
  2006 | D:3      | Noticed a spectral ugly thing
  2006 | D:3      | Noticed a death ooze
  2416 | D:3      | Reached XP level 5. HP: 41/45 MP: 4/4
  2547 | D:4      | Slain by a gnoll

Vault maps used:
D:1:      minmay_arrival_stair_chambers
D:2:      nicolae_ru_awakened_eye, serial_glass, glass_columns_a,
          glass_columns_a, due_unseen_surprise, minmay_strange_pillars,
          minmay_strange_pillars, item_on_display_a, first_bread
D:3:      regret_index_temple_of_mockery
D:4:      gammafunk_temple_overflow_claw, serial_shops, kennysheep_little_box,
          uniq_natasha, uniq_eustachio

Skill      XL: |  1  2  3  4 |
---------------+-------------+-----
Unarmed Combat | 5 |  5.4
Dodging        | 3 |  3.4
Fighting       | 4 |  4.1
Stealth        | 3 |  3.3

Action                   |  1- 3 |  4- 6 || total
-------------------------+-------+-------++-------
Melee: Unarmed           |   114 |    58 ||   172
       Punch             |     2 |       ||     2
Invok: Sacrifice Artific |     1 |       ||     1
       Draw Out Power    |       |     1 ||     1
  Use: Scroll            |       |     2 ||     2
       Potion            |       |     1 ||     1
 Stab: Sleeping          |     5 |     1 ||     6
  Eat: Chunk             |     4 |     4 ||     8
Armor: Robe              |    19 |     4 ||    23
Dodge: Dodged            |    75 |    35 ||   110
